AoeStats
← kV0t3

Arabia

509975248Analyzed
1v1 RM · 2d ago on Sep 28, 2026· 15m 1s· 2 players
Game mode
Random Map
Map size
Tiny (2 player)
Population
200
Speed
Normal
Resources
Standard
Victory
Conquest
Starting age
Dark Age
Ending age
Imperial Age
RankedLock teamsTeams togetherTeam positionsShared explorationLock speedFull tech treeHidden civsTurbo modeCheats
Victory
Defeat
🇲🇽 Wu · Mexico
1321
+15
🇦🇷 Vietnamese · Argentina
1303
-15
kV0t3
0:26 Loom
9:47 Feudal Age
13:47 Double-Bit Axe
ChavezTRC
7:58 Loom
10:09 Feudal Age
10:19 Man-at-Arms
12:22 Double-Bit Axe
13:09 Double-Bit Axe
Connection lost

Rejoining the realm…

Still unreachable

The connection could not be restored.

Session expired

The server has moved on; the page needs a fresh start.